Map: Catalyseur EC

Players

Gtroops - Winner!

  • Race: Terran Terran
  • League: Diamond
  • Spawn Location: 11:00

HoldTheDoor

  • Race: Protoss Protoss
  • League: Diamond
  • Spawn Location: 5:00

VOD

Have the link to the VOD?

Description

Time

  • Played on: July 12, 2018, 10:51 a.m.
  • Length: 11:49
Show
View Real Time Build Order
Export as new Build Order

Gtroops Terran - Winner!

Build Orders: MMM Bio 

Get SALT Encoding   

  12  0:01  SCV  
  13  0:13  SCV  
  14  0:20  Supply Depot  
  14  0:25  SCV  
  15  0:42  SCV  
  16  0:45  Barracks  
  16  0:47  Refinery  
  16  0:54  SCV  
  17  1:06  SCV  
  18  1:18  SCV  
  20  1:35  Orbital Command  
  20  1:36  Reaper  
  20  1:58  Command Center  
  20  2:01  SCV  
  21  2:14  Barracks Tech Lab  
  21  2:15  Supply Depot  
  21  2:18  SCV  
  21  2:22  Factory  
  22  2:23  Refinery  
  22  2:30  SCV  
  25  2:37  Marauder  
  25  2:44  Bunker  
  25  2:49  Concussive Shells  
  25  2:54  SCV  
  26  3:00  Marauder  
  28  3:07  SCV  
  28  3:09  Widow Mine  
  31  3:17  Engineering Bay  
  31  3:18  Orbital Command  
  31  3:31  Bunker  
  29  3:41  Stimpack  
  29  3:42  Marauder  
  29  3:44  Widow Mine  
  33  3:50  SCV  
  33  3:51  SCV  
  35  3:59  Starport  
  35  4:03  SCV  
  35  4:05  Widow Mine  
  35  4:07  Refinery  
  38  4:21  SCV  
  38  4:22  SCV  
  40  4:27  Missile Turret  
  40  4:30  Barracks  
  40  4:32  Barracks  
  40  4:33  Widow Mine  
  40  4:34  SCV x2  
  44  4:41  Starport Reactor  
  44  4:45  Marauder  
  46  4:53  Supply Depot  
  46  4:55  Missile Turret  
  46  5:02  Supply Depot  
  46  5:03  Terran Infantry Weapons Level 1  
  46  5:15  SCV x2  
  48  5:22  Barracks Reactor  
  48  5:24  Marauder, Barracks Reactor  
  48  5:27  SCV x2  
  52  5:39  SCV  
  52  5:40  Medivac  
  57  5:44  Medivac  
  57  5:45  Marine  
  58  5:50  Supply Depot  
  58  5:52  Supply Depot  
  58  5:56  Factory Tech Lab  
  58  5:58  SCV x2  
  58  6:00  Marine x2  
  62  6:06  Supply Depot  
  62  6:08  Supply Depot  
  62  6:10  Refinery  
  62  6:12  Marine x3  
  62  6:17  Combat Shields  
  62  6:18  Marine  
  66  6:19  Marine  
  67  6:29  Marine  
  67  6:31  Marine x2  
  70  6:35  Marine, Siege Tank  
  70  6:37  Marine  
  70  6:38  Medivac x2  
  79  6:40  SCV x2  
  79  6:46  Supply Depot  
  81  6:48  Marine  
  81  6:49  Marine  
  81  6:52  SCV x2  
  85  6:55  Marine x2  
  88  7:02  Marauder  
  88  7:04  SCV  
  88  7:05  SCV  
  88  7:07  Siege Tank  
  94  7:09  Supply Depot  
  94  7:15  Marine  
  94  7:16  Marine x3  
  94  7:17  SCV  
  94  7:18  SCV  
  100  7:27  Command Center  
  100  7:29  SCV  
  101  7:33  Missile Turret  
  101  7:36  Marauder, Marine x2  
  104  7:42  Barracks  
  105  7:44  Barracks  
  105  7:58  Marauder, Marine x3  
  109  8:03  Terran Infantry Armor Level 1  
  110  8:07  Supply Depot  
  110  8:08  Supply Depot  
  110  8:09  Supply Depot  
  110  8:14  Armory  
  110  8:25  Marauder, Medivac  
  110  8:26  Viking  
  88  8:51  Marine  
  88  8:52  Marauder, Marine x4  
  82  9:14  Marauder  
  82  9:16  Marine x4  
  89  9:24  Barracks Tech Lab  
  89  9:27  Barracks  
  89  9:29  Viking x2  
  93  9:32  Starport  
  93  9:34  Marine x3  
  93  9:35  Marauder  
  97  9:38  Barracks Tech Lab  
  97  9:47  Starport  
  97  9:49  Engineering Bay  
  97  9:51  Terran Ship Weapons Level 1  
  97  9:55  Marauder  
  97  9:56  Marine x4  
  97  9:57  Marauder  
  97  9:59  Viking x2  
  109  10:01  Marauder  
  111  10:16  Marauder  
  111  10:18  Marauder  
  111  10:19  Refinery  
  111  10:20  Planetary Fortress  
  115  10:21  Missile Turret  
  115  10:24  Marine x2  
  117  10:39  Marauder  
  119  10:43  Marine x2  
  119  10:44  Marauder x2, Marine x2  
  119  10:45  Medivac x2  
  119  10:47  Starport Tech Lab  
  131  10:54  SCV x2  
  133  10:57  SCV  
  133  10:58  Refinery  
  133  11:01  Marauder  
  133  11:02  Siege Tank  
  139  11:05  Marauder  
  139  11:09  SCV  
Show
View Real Time Build Order
Export as new Build Order

HoldTheDoor Protoss 

Build Orders: Double Forge 

Get SALT Encoding   

  12  0:01  Probe  
  13  0:13  Probe  
  14  0:17  Pylon  
  14  0:25  Probe  
  15  0:34  Probe  
  15  0:36  Gateway  
  16  0:43  Probe  
  16  0:45  Assimilator  
  17  0:54  Probe  
  18  0:59  Assimilator  
  18  1:06  Probe  
  19  1:14  Gateway  
  19  1:18  Probe  
  20  1:29  Cybernetics Core  
  20  1:30  Probe  
  21  1:47  Probe  
  22  1:56  Warp Gate  
  22  1:59  Probe  
  23  2:03  Pylon  
  23  2:13  Pylon  
  23  2:17  Stalker  
  23  2:20  Robotics Facility  
  23  2:21  Probe  
  26  2:31  Stalker  
  28  2:42  Probe  
  28  2:43  Stalker  
  31  2:54  Probe  
  32  3:07  Probe, Immortal  
  37  3:28  Nexus  
  35  3:41  Probe  
  35  3:48  Observer  
  37  3:53  Probe  
  38  4:01  Pylon  
  38  4:06  Probe  
  38  4:08  Pylon  
  39  4:19  Forge, Probe  
  39  4:20  Immortal  
  39  4:22  Forge  
  44  4:32  Probe  
  44  4:35  Protoss Ground Armor Level 1  
  44  4:36  Protoss Shields Level 1  
  45  4:41  Probe  
  45  4:44  Probe  
  47  4:47  Shield Battery  
  47  4:53  Probe  
  48  5:02  Probe  
  48  5:03  Pylon  
  48  5:05  Assimilator  
  49  5:10  Pylon  
  49  5:25  Stalker  
  49  5:26  Stalker  
  53  5:29  Probe  
  53  5:30  Pylon  
  53  5:31  Probe  
  55  5:36  Observer  
  55  5:41  Robotics Bay  
  55  5:42  Probe  
  57  5:43  Probe  
  57  5:49  Twilight Council  
  58  5:54  Probe  
  58  5:55  Probe  
  58  5:56  Assimilator  
  60  6:05  Stalker  
  60  6:06  Probe  
  60  6:07  Probe  
  60  6:08  Stalker  
  66  6:18  Probe  
  67  6:19  Protoss Ground Weapons Level 1  
  67  6:22  Probe  
  68  6:29  Extended Thermal Lance  
  68  6:30  Probe  
  68  6:39  Probe  
  69  6:42  Probe  
  70  6:53  Colossus  
  70  6:54  Pylon  
  76  6:55  Probe x2  
  76  6:57  Charge  
  76  6:59  Zealot x2  
  76  7:01  Protoss Ground Armor Level 2  
  82  7:08  Probe x2  
  84  7:11  Nexus  
  84  7:14  Pylon  
  84  7:20  Pylon  
  84  7:32  Gateway  
  84  7:34  Gateway  
  84  7:35  Probe  
  84  7:36  Probe  
  86  7:37  Pylon  
  86  7:45  Colossus  
  86  7:50  Photon Cannon  
  86  7:54  Photon Cannon  
  92  7:59  Assimilator  
  92  8:04  Probe, Pylon  
  93  8:06  Probe  
  94  8:18  Zealot x2  
  74  8:39  Zealot x2  
  53  9:00  Protoss Ground Armor Level 3  
  53  9:09  Zealot x2, Protoss Shields Level 2  
  57  9:36  Immortal  
  57  9:37  Templar Archives  
  57  9:39  Pylon  
  57  9:41  Pylon  
  57  9:42  Zealot x4  
  57  9:43  Gateway  
  57  9:44  Gateway  
  69  9:58  Probe  
  70  10:02  Nexus  
  70  10:04  Sentry x2  
  70  10:05  Pylon  
  74  10:11  Pylon  
  74  10:16  Immortal  
  78  10:23  High Templar x2  
  82  10:28  High Templar x2  
  82  10:30  Archon  
  86  10:38  Shield Battery  
  86  10:42  Pylon  
  86  10:43  Probe x2  
  86  10:47  Immortal  
  88  10:55  Probe x2  
  94  11:07  Probe  
  91  11:20  Stalker x4  
  91  11:21  Stalker x2  
  91  11:23  Archon  
  43  11:45  Zealot x6  
Tags
 
Composition
MMM Bio
Matchup
PvT
Spawn Locations
Cross Positions
Add a new tag
Caveats
  • Supply blocks, unpowered buildings, or Contaminate may cause inaccurate times.
  • Supply counts are checked every 10 seconds.